 Seeded DCSS version 0.29.1-1-gd02db6906a (webtiles) character file.

Game seed: 20221020 (custom seed)

132 lonewolfV2 the Ruffian (level 4, -5/45 HPs)
             Began as a Troll Fighter on Oct 20, 2022.
             Slain by an ancient zyme (7 damage)
             ... on level 3 of the Dungeon.
             The game lasted 00:03:27 (1597 turns).

lonewolfV2 the Ruffian (Troll Fighter)              Turns: 1597, Time: 00:03:27

Health: -5/45      AC:  4    Str: 26    XL:     4   Next: 92%
Magic:  3/3        EV:  8    Int:  4    God:
Gold:   109        SH:  7    Dex:  9    Spells: 3/3 levels left

rFire   . . .      SeeInvis +     - Unarmed
rCold   . . .      Faith    .   b - +0 kite shield
rNeg    . . .      Spirit   .   a - +0 robe
rPois   .          Reflect  .   (helmet restricted)
rElec   .          Harm     .   (no cloak)
rCorr   .          Rampage  .   (gloves unavailable)
Will    +....                   (boots unavailable)
Stlth   +.........              (no amulet)
HPRegen 0.00/turn               m - ring of willpower
MPRegen 0.08/turn               o - ring of see invisible

@: mighty, brilliant, sick
A: large, unfitting armour, claws 3, regeneration 1, shaggy fur 1, tough skin 1
a: no special abilities


You were on level 3 of the Dungeon.
You visited 1 branch of the dungeon, and saw 3 of its levels.

You collected 109 gold pieces.

Inventory:

Armour
 a - a +0 robe (worn)
 b - a +0 kite shield (worn)
Jewellery
 m - a ring of willpower (left claw)
 o - a ring of see invisible (right claw)
Scrolls
 e - a scroll of magic mapping
 i - a scroll of noise {unknown}
Potions
 d - 3 potions of haste
 f - a potion of brilliance
 g - a potion of lignification {unknown}
 h - a potion of invisibility {unknown}


   Skills:
 + Level 3.0 Fighting
 + Level 3.0 Dodging
 + Level 3.3 Shields
 * Level 3.5 Unarmed Combat


You had 3 spell levels left.
You didn't know any spells.
Your spell library contained the following spells:

 Spells                   Type           Power      Damage    Failure   Level
 Dazzling Flash           Conj/Hex       0%         N/A       99%         3
 Agony                    Necr           0%         N/A       100%        5
 Silence                  Hex/Air        0%         N/A       100%        5


Dungeon Overview and Level Annotations

Branches:
Dungeon (3/15)

Altars:
The Shining One

Portals:
Abyss: D:3

Annotations:
D:3 1 transporter, videwesjr's ghost, amateur MiBe


Innate Abilities, Weirdness & Mutations

You are too large for most types of armour.
You have claws for hands.
Your natural rate of healing is unusually fast.
You are covered in fur. (AC +1)
You have tough skin. (AC +1)


Message History

Found a transporter.
You see here a scroll labelled ETITALL UD BENK.
The bat hits you but does no damage. You block the bat's attack.
The bat closely misses you.
You scratch the bat.
The bat is moderately wounded.
You block the bat's attack. You block the bat's attack.
The bat barely misses you. The bat hits you but does no damage.
The kobold shouts!
The bat closely misses you.
There is a transporter here.
The bat hits you but does no damage. The bat barely misses you.
You block the bat's attack.
You claw the bat!
You kill the bat!
No reachable target in view!
No reachable target in view!
There is a transporter here.
You enter the transporter and appear at another place.
Videwesjr's ghost turns its malevolent gaze towards you.
You feel yourself growing ill in the presence of the ancient zyme.
Found a transporter.
You scratch the ancient zyme.
The ancient zyme is lightly damaged.
The ancient zyme hits you! The ancient zyme completely misses you.
You claw the ancient zyme!
The ancient zyme is moderately damaged.
The ancient zyme hits you. The ancient zyme hits you!
You feel ill. Videwesjr's ghost closely misses you.
You feel very mighty all of a sudden.
The ancient zyme hits you but does no damage.
The ancient zyme hits you.
* * * LOW HITPOINT WARNING * * *
Videwesjr's ghost hits you!
* * * LOW HITPOINT WARNING * * *
It was a potion of brilliance.
You feel clever all of a sudden. The ancient zyme hits you!
You die...

*,* #........#..# **.#*,,,,* *,*
#.......##..###***,.#***,,* *,*
#.............,,,,,..,**,,** ,,*
##.....)..(...,,,,.....,,.., ***
#...###......,**##...#*..>,
##.[##W###...###©.#...##.,,,
#...#∩#x,#..##...##.....,,,,
#...##...####..#,*.....*,,,,
#...[##....@x..#.**...#*,,*,
#.....##..#xW?##..##..#*,,*,
#......#...5..#.x.K#©.#*,,*,
#....###5..###...###..#*,*,,
#...##,,.###.##..*#†..#*,,*,
*#####...#,^.##....#..##?..#*,***
.........#,.##...###.#.##..#*,# *
######...##.##..##..#^#.#..##.# *
#....#..#.©#..#.$.##.....# *


You could see an ancient zyme, a small abomination, a quasit and videwesjr's
ghost.

Vanquished Creatures
  An orc wizard (D:3)
  Terence (D:3)
  3 adders
  3 worms (D:2)
  A dart slug (D:1)
  5 orcs (D:3)
  3 ball pythons
  3 bats
  An endoplasm (D:1)
  A goblin (D:2)
  5 hobgoblins
  7 jackals
  4 kobolds
  2 frilled lizards
  2 rats
42 creatures vanquished.

Vanquished Creatures (collateral kills)
  A ball python (D:3)
1 creature vanquished.

Grand Total: 43 creatures vanquished

Notes
Turn   | Place    | Note
-------+----------+-------------------------------------------
     0 | D:1      | lonewolfV2 the Troll Fighter began the quest for the Orb.
     0 | D:1      | Reached XP level 1. HP: 22/22 MP: 0/0
   153 | D:1      | Reached XP level 2. HP: 29/29 MP: 1/1
   326 | D:1      | Found a faded altar of an unknown god.
   782 | D:2      | Reached XP level 3. HP: 36/36 MP: 2/2
   938 | D:2      | Found a glowing golden altar of the Shining One.
  1304 | D:3      | Reached XP level 4. HP: 30/44 MP: 3/3
  1363 | D:3      | Noticed Terence
  1378 | D:3      | Killed Terence
  1407 | D:3      | Identified the +5 ring mail of the Morning {+Inv Regen+
                  | Int+3 SInv}
  1454 | D:3      | Found a one-way gate to the infinite horrors of the Abyss.
  1454 | D:3      | Noticed videwesjr's ghost (amateur MiBe)
  1457 | D:3      | Noticed an ancient zyme
  1458 | D:3      | Noticed a small abomination
  1577 | D:3      | Found a transporter.
  1593 | D:3      | Found a transporter.
  1596 | D:3      | HP: 2/45 [videwesjr's ghost (10)]
  1597 | D:3      | Slain by an ancient zyme

Illustrated notes

Levels and vault maps discovered:
D:1:      heliophobic_arrival_ceremonial_halls, layout_loops_cross,
          chequers_ecumenical_altar_grove
D:2:      layout_basic, basic_altar, minivault_23
D:3:      layout_loops_ring, nicolae_overflow_two_pavilions,
          gammafunk_ghost_abyssal_escape, uniq_jessica, uniq_terence

Skill      XL: |  1  2  3  4 |
---------------+-------------+-----
Shields        | 3 |  3.3
Unarmed Combat | 3 |  3.5
Fighting       | 3 |  3.0
Dodging        | 3 |  3.0

Action                   |  1- 3 |  4- 6 || total
-------------------------+-------+-------++-------
Melee: Unarmed           |    84 |    54 ||   138
  Use: Scroll            |       |     4 ||     4
       Potion            |       |     2 ||     2
Armor: Robe              |    33 |    22 ||    55
Dodge: Dodged            |    24 |    19 ||    43
Block: Kite shield       |    17 |    34 ||    51
